 Dungeon Crawl Stone Soup version 0.31-a0-1172-g9944ec47dd (webtiles) character file.

Game seed: 17016183019510560473

5697 Firecrotchwizard the Fighter (level 10, -1/117 HPs)
             Began as an Ogre Cinder Acolyte on Dec 11, 2023.
             Was a High Priest of Ignis.
             Slain by an orc wizard
             ... wielding a +0 dagger
              (4 damage)
             ... on level 9 of the Dungeon.
             The game lasted 00:14:51 (7221 turns).

Firecrotchwizard the Fighter (Ogre Cinder Acolyte)  Turns: 7221, Time: 00:14:52

Health: -1/117     AC:  6    Str: 24    XL:     10   Next: 76%
Magic:  11/11      EV:  6    Int: 18    God:    Ignis [*****.]
Gold:   474        SH: 11    Dex:  6    Spells: 11/11 levels left

rFire   + . .        f - +9 mace of Guedd {drain, rN+ Int+3 Dex+2}
rCold   . . .        s - +0 kite shield
rNeg    + + .        d - +3 pearl dragon scales
rPois   .            (helmet restricted)
rElec   .            (no cloak)
rCorr   .            (gloves unavailable)
SInv    .            (boots unavailable)
Will    +....        p - amulet of reflection Stlth
                     (no ring)
HPRegen 0.39/turn    (no ring)
MPRegen 0.12/turn

%: reflection
@: lethally poisoned (-1 -> -17), corroded
A: large, unfitting armour, tough skin 1
a: Renounce Religion, Fiery Armour, Foxfire Swarm, Rising Flame


You were on level 9 of the Dungeon.
You worshipped Ignis.
Ignis was extremely pleased with you.
You visited 1 branch of the dungeon, and saw 9 of its levels.

You collected 474 gold pieces.

Inventory:

Hand Weapons
 a - a +0 mace of flaming
 e - a +0 demon blade
 f - the +9 mace of Guedd (weapon) {drain, rN+ Int+3 Dex+2}
   (You found it on level 2 of the Dungeon)

   Int+3:     It affects your intelligence (+3).
   Dex+2:     It affects your dexterity (+2).
   rN+:       It protects you from negative energy.
 o - a +1 giant spiked club
Armour
 b - a +0 robe
 d - +3 pearl dragon scales (worn)
 s - a +0 kite shield (worn)
Jewellery
 n - a ring of ice
 p - an amulet of reflection (around neck)
Wands
 m - a wand of paralysis (9)
Scrolls
 q - a scroll of torment
Potions
 c - a potion of heal wounds
 g - 2 potions of enlightenment
 h - 3 potions of curing
 i - a potion of invisibility {unknown}
 j - a potion of lignification {unknown}
 k - 2 potions of brilliance
 l - a potion of resistance {unknown}
 r - a potion of haste
 t - a potion of might {unknown}
 u - 2 potions of degeneration {unknown}


   Skills:
 + Level 12.5 Fighting
 * Level 12.1 Maces & Flails
 - Level 1.2 Spellcasting
 - Level 2.6 Fire Magic


You had 11 spell levels left.
You didn't know any spells.
Your spell library contained the following spells:

 Spells                   Type           Power      Damage    Failure   Level
 Scorch                   Fire           20%        2d5       61%         2
 Blink                    Tloc           2%         N/A       93%         2
 Lesser Beckoning         Tloc           2%         N/A       93%         2
 Momentum Strike          Conj/Tloc      2%         3d8       93%         2


Dungeon Overview and Level Annotations

Branches:
Dungeon (9/15)             Temple (0/1) D:6
   Lair: D:8-11         Orc: D:9-12

Altars:
Gozag
Kikubaaqudgha
Qazlal
Ru
Zin
The Shining One

Shops:
D:8 =

Annotations:
D:2 1 runed translucent door, Crazy Yiuf
D:7 2 transporters


Innate Abilities, Weirdness & Mutations

You are too large for most types of armour.
You have tough skin. (AC +1)


Message History

You hear a bellow!
A gnoll comes into view. It is wielding a +0 spear.
You block the orc's attack. Something hits you but does no damage.
The gnoll sergeant barely misses you. You block the orc's attack.
The orc hits you with a +0 trident. Something hits you but does no damage.
The gnoll sergeant hits you but does no damage.
You hit the gnoll sergeant but do no damage.
You drain the gnoll sergeant.
The gnoll sergeant is lightly wounded.
The orc zaps a wand.
The bolt of acid hits you! The acid corrodes you! You block the orc's attack.
You block something's attack. The gnoll sergeant barely misses you.
You hear a shout!
You hit the gnoll sergeant.
The gnoll sergeant is moderately wounded.
You hear a bellow!
You hear a shout!
The orc completely misses you. The orc barely misses you.
Something hits you but does no damage. You block the gnoll's attack.
The gnoll sergeant barely misses you.
You hear a bellow!
You hit the gnoll sergeant but do no damage.
The gnoll sergeant is moderately wounded.
You hear a bellow!
The orc hits you but does no damage. The orc barely misses you.
You hear some strange, mumbled words.
Something tries to affect you, but you resist.
The gnoll hits you from afar with a +0 spear.
The gnoll sergeant barely misses you.
Unknown command.
You sock the gnoll sergeant!
The gnoll sergeant is heavily wounded.
The orc barely misses you. The orc hits you with a +0 trident.
Something hits you but does no damage. You block the gnoll sergeant's attack.
A gnoll comes into view. It is wielding a +3 spear of venom.
You block the gnoll's attack.
You hit the gnoll sergeant. You drain the gnoll sergeant.
The gnoll sergeant is severely wounded.
The orc hits you with a +0 short sword. The orc hits you with a +0 trident.
You block the gnoll sergeant's attack.
The gnoll hits you from afar with a +0 spear.
Something hits you.
You sock the gnoll sergeant!
The gnoll sergeant is almost dead.
Unknown command.
You closely miss the gnoll sergeant.
The gnoll sergeant is almost dead.
The orc zaps a wand.
The bolt of acid misses you. You block the orc's attack.
Something hits you but does no damage.
The gnoll hits you from afar with a +0 spear.
The gnoll sergeant hits you with a +0 spear.
You hit the gnoll sergeant.
You kill the gnoll sergeant!
You block the orc's attack. The orc hits you with a +0 trident.
* * * LOW HITPOINT WARNING * * *
Something completely misses you. You block the gnoll's attack. x2
You hear the steady creaking of a very distant portcullis.
The orc zaps a wand.
The bolt of acid misses you.
The bolt of acid hits the gnoll!
The acid corrodes the gnoll!
The orc hits you with a +0 trident.
* * * LOW HITPOINT WARNING * * *
The gnoll hits you with a +0 spear.
* * * LOW HITPOINT WARNING * * *
You block the gnoll's attack.
You hear a bellow!
Things that are here:
a +0 spear; a +0 scale mail You hit the gnoll but do no damage.
The orc throws a boomerang.
You block the boomerang with an invisible shield... and reflect it back!
The boomerang hits the orc.
The gnoll hits you with a +3 spear of venom.
* * * LOW HITPOINT WARNING * * *
You are poisoned.
You block the orc's attack. You block the gnoll's attack.
You closely miss the gnoll.
You feel sick.
The orc zaps a wand.
The bolt of acid hits you!
* * * LOW HITPOINT WARNING * * *
The bolt of acid hits the gnoll!!
The gnoll seems to be corroded for longer.
The gnoll dies!
You block the orc's attack.
The gnoll hits you with a +3 spear of venom!
* * * LOW HITPOINT WARNING * * *
You are more poisoned.
Something hits you but does no damage.
You hear a bellow! x2
You hit the gnoll. You drain the gnoll.
The gnoll is heavily wounded.
* * * LOW HITPOINT WARNING * * *
You feel very sick.
The orc zaps a wand.
The bolt of acid hits you!
* * * LOW HITPOINT WARNING * * *
You block the orc's attack. You block the gnoll's attack. Something hits you.
You die...

########
#......#
#......#
#####).....#
#.......)..#
#.###....o.#
#.# #..o.@)#
#.#
###..{g(.#
#.# ######.#
#.# # ##.###
#....#######
#..........#
#....#####.#
#....#
##.#######


You could see a gnoll (very drained) and 2 orcs.

Vanquished Creatures
  2 two-headed ogres
  Pikel (D:8)
  Maggie (D:6)
  A hornet (D:9)
  Sigmund (D:5)
  A vampire (D:9)
  2 wyverns
  Eustachio (D:6)
  A water moccasin (D:4)
  3 ice beasts
  2 sky beasts
  A black bear (D:5)
  2 orc warriors (D:7)
  An ogre (D:5)
  2 centaurs
  4 lemures (D:8)
  2 gnoll sergeants
  2 bullfrogs
  4 scorpions
  10 wights
  5 killer bees (D:7)
  3 hounds
  3 orc priests
  2 jellies
  2 iguanas
  4 orc wizards
  A sleepcap (D:7)
  9 gnolls
  4 adders (D:4)
  A white imp (D:7)
  4 ufetubi
  A worm (D:2)
  A dart slug (D:3)
  9 orcs
  11 ball pythons
  6 endoplasms
  2 giant cockroaches
  2 goblins
  6 hobgoblins
  8 kobolds
  5 bats (D:1)
  2 frilled lizards
  A rat (D:2)
136 creatures vanquished.

Vanquished Creatures (others)
  A gnoll (D:9)
  17 foxfires (D:7)
18 creatures vanquished.

Grand Total: 154 creatures vanquished

Notes
Turn   | Place    | Note
-------+----------+-------------------------------------------
     0 | D:1      | Firecrotchwizard the Ogre Cinder Acolyte began the quest
                  | for the Orb.
     0 | D:1      | Reached XP level 1. HP: 24/24 MP: 2/2
    90 | D:1      | Reached XP level 2. HP: 27/32 MP: 3/3
   774 | D:2      | Reached XP level 3. HP: 40/40 MP: 4/4
   995 | D:2      | Found a runed translucent door.
   996 | D:2      | Noticed Crazy Yiuf
  1193 | D:2      | Identified the +9 mace of Guedd {drain, rN+ Int+3 Dex+2}
  1896 | D:3      | Reached XP level 4. HP: 49/49 MP: 5/5
  1903 | D:3      | Reached skill level 5 in Fighting
  2133 | D:4      | Noticed a scorpion
  2139 | D:4      | Killed a scorpion
  2140 | D:4      | Reached XP level 5. HP: 55/57 MP: 6/6
  2177 | D:4      | Found an ancient bone altar of Kikubaaqudgha.
  2178 | D:4      | Found a glowing silver altar of Zin.
  2179 | D:4      | Found a sacrificial altar of Ru.
  2252 | D:4      | Noticed a water moccasin
  2256 | D:4      | Killed a water moccasin
  2257 | D:4      | Reached skill level 5 in Maces & Flails
  2257 | D:4      | Reached XP level 6. HP: 56/67 MP: 7/7
  2750 | D:5      | Entered Level 5 of the Dungeon
  2763 | D:5      | Noticed an ice beast
  2770 | D:5      | Killed an ice beast
  2771 | D:5      | Reached XP level 7. HP: 76/76 MP: 8/8
  2848 | D:5      | Noticed Sigmund
  2858 | D:5      | Killed Sigmund
  2880 | D:5      | Reached XP level 8. HP: 85/88 MP: 9/9
  2987 | D:5      | Found a glowing golden altar of the Shining One.
  3614 | D:6      | Found a staircase to the Ecumenical Temple.
  3635 | D:6      | Noticed Eustachio
  3664 | D:6      | Killed Eustachio
  3811 | D:6      | Noticed Maggie
  3821 | D:6      | Noticed a two-headed ogre
  3829 | D:6      | Killed Maggie
  3830 | D:6      | Reached XP level 9. HP: 49/100 MP: 10/10
  3833 | D:6      | Killed a two-headed ogre
  3834 | D:6      | Reached skill level 10 in Fighting
  4328 | D:6      | Found an opulent altar of Gozag.
  4331 | D:6      | Found a stormy altar of Qazlal.
  4421 | D:7      | Reached skill level 10 in Maces & Flails
  4941 | D:7      | Reached XP level 10. HP: 114/114 MP: 11/11
  4982 | D:7      | Found a transporter.
  4982 | D:7      | Noticed a moth of wrath
  5074 | D:7      | Found a transporter.
  5840 | D:8      | Found Boivuoj's Jewellery Shoppe.
  6363 | D:8      | Noticed Pikel
  6383 | D:8      | Killed Pikel
  6587 | D:8      | Identified the staff of Watchfulness {Will- rCorr Str+5
                  | Conj Earth}
  7118 | D:9      | Noticed a two-headed ogre
  7128 | D:9      | Killed a two-headed ogre
  7221 | D:9      | HP: 3/117 [orc/bolt of acid (17)]
  7221 | D:9      | Slain by an orc wizard

Illustrated notes

Levels and vault maps discovered:
D:1:      dpeg_arrival_tiny_i, layout_basic, chequers_serial_rivers_micro_d,
          minmay_tetromino_s2
D:2:      layout_loops_ring, uniq_crazy_yiuf_cottage
D:3:      layout_rooms, minmay_crystal_room
D:4:      layout_basic, chequers_temple_overflow_statue_of_worship
D:5:      layout_basic, tso_oasis_becter, kennysheep_nub, uniq_sigmund
D:6:      layout_basic, minitemple, minmay_temple_entry_offerings,
          uniq_eustachio, uniq_maggie
D:7:      layout_layer_cave, gammafunk_ghost_berserking_beasts
D:8:      layout_basic, serial_shops, nicolae_inconvenience_store, uniq_pikel
D:9:      hangedman_cross_veins, layout_basic, enter_bailey_2

Skill      XL: |  1  2  3  4  5  6  7  8  9 10 |
---------------+-------------------------------+-----
Maces & Flails | 3 4 5 7 9 10 12 | 12.1
Fighting       | 5 6 7 9 11 12 | 12.5
Spellcasting   | |  1.2
Fire Magic     | |  2.6

Action                     |  1- 3 |  4- 6 |  7- 9 | 10-12 || total
---------------------------+-------+-------+-------+-------++-------
  Melee: Mace              |   122 |    55 |   154 |   142 ||   473
         Punch             |       |       |     2 |     1 ||     3
 Invoke: Foxfire Swarm     |       |       |       |     1 ||     1
  Evoke: Wand              |       |       |       |     1 ||     1
    Use: Scroll            |     6 |       |     7 |     2 ||    15
         Potion            |       |       |     1 |       ||     1
 Armour: Robe              |    14 |       |       |       ||    14
         Pearl dragon scal |    99 |    31 |   114 |   122 ||   366
  Dodge: Dodged            |    44 |    17 |    48 |    37 ||   146
  Block: Other             |     1 |     9 |    39 |     3 ||    52
         Kite shield       |       |       |       |    60 ||    60
         Reflection        |       |       |       |     3 ||     3

Table legend: (Time is in decaauts)
 A = Elapsed time spent in this place.
 B = Non-inter-level travel time spent in this place.
 C = Inter-level travel time spent in this place.
 D = Time resting spent in this place.
 E = Time spent auto-exploring this place.
 F = Levels seen in this place.
 G = Mean time per level.
                   A        B        C        D        E       F      G
               +--------+--------+--------+--------+--------+-----+--------+
         Total |   7242 |   7012 |    230 |    704 |   5307 |   9 |  804.7 |
       Dungeon |   7242 |   7012 |    230 |    704 |   5307 |   9 |  804.7 |
               +--------+--------+--------+--------+--------+-----+--------+

Top non-repeatable levels by time:
     D:7: 1371 daAuts
     D:8: 1104 daAuts
     D:5: 866 daAuts
     D:2: 838 daAuts
     D:1: 775 daAuts
     D:6: 756 daAuts
     D:4: 685 daAuts
     D:3: 487 daAuts
     D:9: 357 daAuts
